 Dungeon Crawl Stone Soup version 0.21.1-1-g345015f (webtiles) character file.

153 Wander the Chopper (level 5, 39/41 HPs)
             Began as a Human Wanderer on Apr 24, 2018.
             Quit the game on level 3 of the Dungeon.
             The game lasted 00:05:09 (2242 turns).

Wander the Chopper (Human Wanderer)                 Turns: 2242, Time: 00:05:09

Health: 39/41      AC:  9    Str: 16    XL:     5   Next: 61%
Magic:  6/6        EV:  9    Int: 11    God:
Gold:   123        SH:  0    Dex: 11    Spells: 4/4 levels left

rFire    . . .     SeeInvis .   a - +0 hand axe
rCold    . . .     Gourm    .   (no shield)
rNeg     . . .     Faith    .   c - +2 scale mail
rPois    .         Spirit   .   (no helmet)
rElec    .         Reflect  .   (no cloak)
rCorr    .         Harm     .   (no gloves)
MR       .....     Rnd*Tele +   u - +0 pair of boots
Stlth    ..........             (no amulet)
HPRegen  0.13/turn              e - ring of teleportation (curse)
MPRegen  0.10/turn              k - ring of flight

@: no status effects
A: no striking features
a: Evoke Flight


You were on level 3 of the Dungeon.
You were hungry.

You visited 1 branch of the dungeon, and saw 3 of its levels.

You collected 123 gold pieces.

Inventory:

Hand Weapons
 a - a +0 hand axe (weapon)
 b - a +0 hunting sling
 v - a +2 dagger of protection
Missiles
 q - 52 sling bullets
Armour
 c - a +2 scale mail (worn)
 u - a +0 pair of boots (worn)
Jewellery
 e - a cursed ring of teleportation (left hand)
 k - a ring of flight (right hand)
 r - an uncursed ring of stealth {unknown}
Scrolls
 g - 4 scrolls of identify {unknown}
 h - 2 scrolls of teleportation {unknown}
 i - a scroll of fog {unknown}
 j - 2 scrolls of random uselessness {unknown}
 l - a scroll of enchant weapon {unknown}
 n - a scroll of immolation {unknown}
 o - a scroll of enchant armour {unknown}
 t - a scroll of remove curse {unknown}
Potions
 f - a potion of flight {unknown}
 m - 5 potions of curing
 p - a potion of haste {unknown}
 s - a potion of might {unknown}
Comestibles
 d - 4 rations


   Skills:
 - Level 3.3 Fighting
 * Level 1.2 Short Blades
 - Level 4.2(4.4) Axes
   Level 2.0(3.3) Polearms
 - Level 1.3 Slings
 - Level 1.0 Armour
 - Level 1.0 Dodging
 - Level 2.0 Evocations


You had 4 spell levels left.
You didn't know any spells.

Dungeon Overview and Level Annotations

Branches:
Dungeon (3/15)

Altars:
Dithmenos


Message History

No target in view!
No target in view!
No target in view!
No target in view!
No target in view!
No target in view!
No target in view!
No target in view!
No target in view!
No target in view!
No target in view!
No target in view!
No target in view!
No target in view!
No target in view!
No target in view!
No target in view!
No target in view!
No target in view!
Are you sure you want to abandon this character and quit the game? (Confirm with "yes".)

######. .....$. .......
####### ....... ......#
.o..... ......# .......
......#############..$..#
###.............@)'.....+
#..........######.....#
#..........# .?.!.(.
#..........# #######
#..........# #.##########
#.# #(# #.#


There were no monsters in sight!

Vanquished Creatures
  An orc wizard (D:2)
  3 adders (D:2)
  2 oozes
  2 worms (D:2)
  A dart slug (D:1)
  4 leopard geckos
  14 orcs
  A ball python (D:1)
  A giant cockroach (D:2)
  4 hobgoblins
  7 jackals
  A quokka (D:2)
  5 bats
  5 frilled lizards
  4 goblins
  3 kobolds
  6 rats
64 creatures vanquished.

Notes
Turn   | Place    | Note
-------+----------+-------------------------------------------
     0 | D:1      | Wander the Human Wanderer began the quest for the Orb.
     0 | D:1      | Wander set off with: a +2 scale mail, a potion of curing, a +0 hand axe, a ration
     0 | D:1      | Reached XP level 1. HP: 18/18 MP: 2/2
    93 | D:1      | Reached XP level 2. HP: 18/24 MP: 3/3
   415 | D:1      | Reached skill level 2 in Axes
   426 | D:1      | Reached XP level 3. HP: 29/29 MP: 4/4
   774 | D:2      | Reached skill level 3 in Axes
   853 | D:2      | Reached XP level 4. HP: 22/35 MP: 5/5
   981 | D:2      | Found a shadowy altar of Dithmenos.
  1583 | D:2      | Reached skill level 4 in Axes
  1583 | D:2      | Reached skill level 1 in Slings
  1583 | D:2      | Reached XP level 5. HP: 9/41 MP: 6/6
  2220 | D:3      | Reached skill level 1 in Short Blades
  2242 | D:3      | Quit the game

Skill      XL: |  1  2  3  4  5 |
---------------+----------------+-----
Axes           | 2 3 4 |  4.2
Slings         | 1 |  1.3
Short Blades   | 1 |  1.2
Fighting       | |  3.3
Polearms       | |  2.0
Armour         | |  1.0
Dodging        | |  1.0
Evocations     | |  2.0

Action                   |  1- 3 |  4- 6 || total
-------------------------+-------+-------++-------
Melee: Hand axe          |   101 |   125 ||   226
       Dagger            |       |    27 ||    27
 Fire: Hunting sling     |    11 |     9 ||    20
  Eat: Chunk             |       |     4 ||     4
Armor: Scale mail        |    53 |    84 ||   137
Dodge: Dodged            |    47 |   101 ||   148
